Map: Eternal Empire LE

Players

Rex - Winner!

  • Race: Zerg Zerg
  • League: Master
  • Spawn Location: 7:00

黑羽快斗 (ButAlways)

  • Race: Protoss Protoss
  • League: Grandmaster
  • Spawn Location: 1:00

Event: DreamHack SC2 Masters 2020 Fall

VOD

Have the link to the VOD?

Description

Time

  • Played on: Aug. 26, 2020, 8:04 a.m.
  • Length: 14:35

All games in this series

Show
View Real Time Build Order
Export as new Build Order

Rex Zerg - Winner!

Build Orders: Hatch First, Swarm Host 

Get SALT Encoding   

  12  0:00  Drone  
  13  0:12  Overlord  
  13  0:17  Drone  
  14  0:31  Drone x2  
  16  0:48  Hatchery  
  15  0:52  Drone  
  15  0:55  Drone  
  17  0:59  Drone  
  18  1:08  Extractor  
  17  1:15  Spawning Pool  
  17  1:18  Drone  
  17  1:21  Drone  
  18  1:28  Drone  
  19  1:39  Drone  
  20  1:50  Hatchery  
  20  1:53  Drone  
  20  2:03  Queen  
  20  2:07  Drone  
  23  2:15  Queen  
  23  2:20  Drone  
  26  2:24  Overlord  
  26  2:30  Drone  
  26  2:31  Drone  
  28  2:40  Metabolic Boost  
  28  2:44  Zergling x4  
  28  2:45  Drone x2  
  32  2:53  Queen  
  34  3:01  Queen  
  34  3:04  Overlord  
  36  3:08  Drone  
  37  3:15  Drone  
  37  3:19  Drone x3  
  41  3:26  Drone x5  
  46  3:35  Overlord x2  
  46  3:37  Drone  
  46  3:38  Drone  
  48  3:50  Spore Crawler  
  48  3:52  Queen, Spore Crawler  
  49  3:55  Drone x2  
  49  3:57  Drone x2  
  49  3:58  Drone x2  
  54  4:05  Drone x4  
  58  4:16  Spore Crawler  
  58  4:17  Overlord  
  57  4:19  Overlord  
  57  4:21  Drone  
  57  4:35  Overlord  
  57  4:36  Drone x8  
  65  4:39  Overlord  
  65  4:45  Extractor  
  63  4:46  Extractor  
  63  4:48  Drone x4  
  63  4:49  Lair  
  63  4:50  Roach Warren  
  63  4:51  Drone  
  63  4:52  Extractor  
  65  4:54  Drone x4  
  69  5:01  Evolution Chamber  
  69  5:05  Zergling x12  
  69  5:06  Extractor, Zergling x4  
  75  5:08  Zergling x2  
  76  5:19  Zergling x12  
  79  5:30  Roach x3  
  74  5:38  Roach x4  
  76  5:45  Drone x6  
  79  5:59  Infestation Pit, Zerg Missile Weapons Level 1  
  79  6:00  Drone  
  79  6:01  Drone x3  
  79  6:03  Drone  
  83  6:05  Drone  
  83  6:07  Overseer  
  84  6:12  Overlord x2  
  84  6:18  Extractor  
  84  6:19  Glial Reconstitution  
  84  6:22  Drone x6  
  89  6:30  Overlord x2  
  89  6:31  Overlord  
  89  6:39  Nydus Network  
  88  6:48  Swarm Host x5  
  88  6:51  Swarm Host  
  106  6:55  Drone x5  
  106  6:56  Drone  
  106  7:00  Swarm Host  
  106  7:01  Swarm Host  
  118  7:09  Swarm Host x2  
  118  7:14  Overlord x3  
  124  7:19  Roach x2  
  128  7:25  Ravager x2  
  130  7:30  Overlord x3  
  130  7:33  Roach x4  
  130  7:35  Ravager  
  139  7:40  Roach  
  139  7:41  Roach x2  
  139  7:42  Ravager, Overlord  
  146  7:50  Roach  
  146  7:51  Roach x5  
  155  7:59  Roach x5  
  155  8:04  Overlord, Nydus Canal  
  165  8:08  Roach, Zergling x6  
  170  8:17  Roach x4  
  170  8:18  Overlord  
  176  8:33  Roach x2, Zergling x10  
  167  8:40  Roach x3  
  157  8:45  Roach x5  
  152  8:51  Roach x4  
  150  9:00  Roach, Zergling x4  
  154  9:07  Roach  
  154  9:09  Queen  
  154  9:11  Roach x2  
  151  9:25  Zerg Missile Weapons Level 2  
  153  9:31  Roach x6  
  163  9:42  Roach x3  
  169  9:51  Nydus Canal  
  169  9:52  Swarm Host x5  
  183  10:07  Zergling x2  
  183  10:08  Nydus Canal, Zergling x14, Hatchery  
  183  10:12  Queen  
  192  10:16  Roach  
  192  10:17  Overlord x2  
  192  10:18  Overlord  
  194  10:29  Nydus Canal  
  192  10:38  Zergling x14  
  195  10:51  Nydus Canal  
  182  10:57  Roach x7, Zergling x4  
  184  11:10  Roach x3  
  190  11:12  Roach x5  
  190  11:14  Nydus Canal  
  190  11:16  Roach  
  197  11:33  Nydus Canal  
  197  11:39  Roach  
  186  11:48  Roach x6  
  186  11:51  Roach x6  
  198  11:57  Roach  
  189  12:13  Roach x4  
  189  12:14  Nydus Canal  
  181  12:16  Roach x2  
  181  12:17  Roach x5  
  181  12:21  Overseer  
  181  12:22  Overseer x2  
  181  12:27  Roach  
  181  12:28  Roach x8  
  199  12:35  Hive  
  199  12:38  Hydralisk Den  
  199  12:41  Spore Crawler x2  
  193  12:44  Spore Crawler  
  193  12:50  Nydus Canal  
  191  12:54  Ravager x7  
  191  12:55  Ravager  
  191  12:58  Overseer  
  195  13:44  Zergling x2  
  195  13:45  Zergling x30  
  183  13:52  Hydralisk  
  183  13:53  Overseer x2  
  180  13:55  Nydus Canal  
  180  13:59  Hydralisk x2  
  180  14:00  Hydralisk x2  
  188  14:08  Hydralisk x3  
Show
View Real Time Build Order
Export as new Build Order

黑羽快斗 Protoss 

Build Orders: 1 Gate Expand, Archon Immortal 

Get SALT Encoding   

  12  0:00  Probe  
  13  0:12  Probe  
  14  0:19  Pylon  
  14  0:24  Probe  
  15  0:37  Probe (Chrono Boost)  
  15  0:38  Gateway  
  16  0:46  Probe (Chrono Boost)  
  17  0:51  Assimilator, Probe  
  18  1:04  Probe  
  19  1:16  Probe  
  20  1:24  Nexus  
  20  1:35  Cybernetics Core  
  20  1:37  Probe  
  21  1:45  Assimilator  
  21  1:50  Probe  
  22  1:57  Pylon  
  22  2:02  Probe (Chrono Boost)  
  23  2:14  Adept (Chrono Boost)  
  24  2:16  Stargate  
  24  2:17  Probe (Chrono Boost)  
  24  2:22  Probe (Chrono Boost)  
  26  2:28  Warp Gate  
  27  2:35  Probe (Chrono Boost)  
  27  2:36  Probe (Chrono Boost)  
  29  2:37  Adept  
  32  2:46  Probe (Chrono Boost)  
  32  2:47  Probe (Chrono Boost)  
  32  2:51  Probe (Chrono Boost)  
  33  2:53  Void Ray (Chrono Boost)  
  33  2:56  Probe  
  35  3:02  Probe  
  40  3:08  Probe  
  41  3:13  Pylon  
  41  3:14  Probe  
  42  3:20  Twilight Council, Probe  
  44  3:32  Probe  
  44  3:33  Gateway  
  44  3:34  Probe  
  44  3:35  Gateway  
  45  3:44  Probe, Pylon  
  45  3:46  Probe  
  45  3:48  Resonating Glaives (Chrono Boost)  
  47  3:56  Probe  
  47  3:59  Probe  
  49  4:08  Nexus, Probe  
  50  4:13  Probe  
  51  4:18  Adept  
  51  4:23  Pylon  
  53  4:26  Adept  
  53  4:29  Probe  
  53  4:30  Adept  
  58  4:32  Probe  
  58  4:33  Assimilator  
  58  4:37  Assimilator  
  59  4:41  Adept, Pylon  
  59  4:42  Probe  
  62  4:47  Adept  
  62  4:48  Probe  
  62  4:52  Adept  
  67  4:56  Robotics Facility  
  67  4:58  Probe  
  68  5:04  Sentry  
  68  5:05  Probe  
  71  5:07  Robotics Facility  
  71  5:10  Probe  
  72  5:14  Pylon  
  72  5:15  Forge  
  72  5:16  Zealot  
  72  5:17  Probe  
  72  5:19  Pylon  
  69  5:36  Probe  
  69  5:37  Probe  
  67  5:46  Immortal (Chrono Boost)  
  67  5:47  Sentry  
  67  5:48  Sentry x2, Probe  
  67  5:49  Probe  
  73  5:50  Gateway, Probe  
  73  5:53  Charge (Chrono Boost)  
  78  5:58  Immortal (Chrono Boost)  
  78  6:01  Probe x2  
  80  6:05  Assimilator  
  80  6:06  Probe  
  80  6:08  Assimilator  
  80  6:10  Pylon  
  81  6:11  Protoss Ground Weapons Level 1  
  81  6:13  Zealot x2  
  81  6:16  Phoenix  
  85  6:20  Observer (Chrono Boost)  
  90  6:30  Gateway x2  
  90  6:32  Immortal (Chrono Boost)  
  90  6:33  Gateway  
  90  6:37  Templar Archives  
  90  6:42  Warp Prism (Chrono Boost)  
  92  6:48  Gateway  
  92  6:51  Pylon  
  92  6:53  Zealot  
  94  6:56  Pylon  
  94  6:57  Zealot  
  94  6:59  Zealot  
  98  7:05  Photon Cannon  
  98  7:17  Zealot x2  
  98  7:19  Zealot x2  
  106  7:26  Probe x2  
  106  7:27  Pylon, Probe  
  106  7:28  Pylon  
  109  7:33  High Templar  
  109  7:34  High Templar x2  
  115  7:37  Archon  
  115  7:38  High Templar  
  115  7:39  High Templar x2  
  115  7:40  Zealot  
  123  7:44  Archon  
  123  7:45  Zealot, Archon  
  120  8:01  Blink (Chrono Boost)  
  120  8:03  Zealot x3  
  122  8:07  Sentry x2  
  122  8:12  Zealot x3  
  132  8:19  Nexus  
  122  8:29  Zealot x3  
  122  8:33  Zealot x2  
  122  8:34  Zealot x3  
  120  8:40  Immortal  
  94  8:51  Zealot x3  
  84  8:59  Zealot x7  
  90  9:08  Fleet Beacon  
  90  9:15  Void Ray  
  84  9:22  Stalker  
  84  9:23  Stalker x3  
  96  9:28  Observer  
  98  9:35  Pylon  
  98  9:38  Stalker x3  
  100  10:02  High Templar x2, Void Ray (Chrono Boost)  
  100  10:03  Stalker x2  
  100  10:04  Stalker x3  
  100  10:06  Immortal  
  118  10:07  Archon  
  122  10:15  Shield Battery  
  122  10:20  Mothership (Chrono Boost)  
  130  10:29  Shield Battery  
  130  10:30  Zealot x2  
  134  10:36  High Templar  
  134  10:37  High Templar  
  134  10:40  Shield Battery x2  
  134  10:42  Archon  
  136  10:44  Zealot x2  
  121  11:07  Stalker x5  
  100  11:33  Stalker x2  
  100  11:34  Stalker x3  
  96  11:49  Probe (Chrono Boost)  
  94  11:58  Probe (Chrono Boost)  
  94  12:00  Probe (Chrono Boost)  
  96  12:02  Probe (Chrono Boost)  
  97  12:10  Probe  
  92  12:25  Zealot x5  
  92  12:26  Zealot  
  100  12:32  Zealot  
  102  12:49  High Templar  
  102  12:50  High Templar x3  
  110  12:53  Archon  
  110  12:54  Archon  
  110  12:57  Probe x2  
  112  13:04  Void Ray (Chrono Boost)  
  113  13:22  Zealot x2  
  93  13:51  Stalker x4  
  89  13:55  Stalker  
  89  13:56  Stalker x5  
  89  13:59  Probe  
  89  14:00  Probe  

Tags
 
Add a new tag
Caveats
  • Supply blocks, unpowered buildings, or Contaminate may cause inaccurate times.
  • Supply counts are checked every 10 seconds.